 Dungeon Crawl Stone Soup version 0.25.0-9-g26727b657a (webtiles) character file.

Game seed: 1958724461634967149

39 Esekla the Grave Robber (level 3, -1/17 HPs)
             Began as a Spriggan Necromancer on June 16, 2020.
             Killed by nerve-wracking pain
             ... invoked by an orc priest
              (6 damage)
             ... on level 3 of the Dungeon.
             The game lasted 00:09:55 (2094 turns).

Esekla the Grave Robber (Spriggan Necromancer)      Turns: 2094, Time: 00:09:55

Health: -1/17      AC:  2    Str:  4    XL:     3   Next: 26%
Magic:  8/8        EV: 19    Int: 17    God:
Gold:   77         SH:  0    Dex: 16    Spells: 4/8 levels left

rFire    . . .     SeeInvis +   f - +0 short sword
rCold    . . .     Gourm    .   (shield restricted)
rNeg     . . .     Faith    .   a - +0 robe
rPois    .         Spirit   .   (helmet restricted)
rElec    .         Reflect  .   (no cloak)
rCorr    .         Harm     .   (gloves unavailable)
MR       .....                  (boots unavailable)
Stlth    ++........             (no amulet)
HPRegen  0.05/turn              (no ring)
MPRegen  0.11/turn              (no ring)

@: very quick
A: very small, unfitting armour, see invisible, herbivore, speed 3, slow
metabolism 2
a: no special abilities


You were on level 3 of the Dungeon.
You were not hungry.

You visited 1 branch of the dungeon, and saw 3 of its levels.

You collected 77 gold pieces.

Inventory:

Hand Weapons
 f - a +0 short sword (weapon)
Armour
 a - a +0 robe (worn)
Jewellery
 j - an uncursed ring of protection from magic {unknown}
Scrolls
 b - a scroll of teleportation {unknown}
 d - a scroll of magic mapping {unknown}
 e - a scroll of amnesia {unknown}
 l - a scroll of remove curse {unknown}
 m - a scroll of enchant weapon {unknown}
Potions
 g - a potion of lignification {unknown}
 h - a potion of heal wounds {unknown}
 i - a potion of might {unknown}
 k - a potion of curing {unknown}
Comestibles
 c - 5 rations


   Skills:
 + Level 0.3 Fighting
 + Level 0.4 Short Blades
 * Level 3.8 Dodging
 + Level 3.2 Stealth
 * Level 3.1 Spellcasting
 + Level 4.0 Necromancy


You had 4 spell levels left.
You knew the following spells:

 Your Spells              Type           Power        Failure   Level  Hunger
a - Pain                  Necr           ###.         3%          1    None
d - Vampiric Draining     Necr           ###.......   10%         3    ###....

Your spell library contained the following spells:

 Spells                   Type           Power        Failure   Level  Hunger
 Animate Skeleton         Necr           N/A          3%          1    None
 Animate Dead             Necr           N/A          32%         4    ####...
 Agony                    Necr           ###.....     67%         5    ######.


Dungeon Overview and Level Annotations

Branches:
Dungeon (3/15)

Altars:
Qazlal

Annotations:
D:2 Sigmund, Terence


Innate Abilities, Weirdness & Mutations

You are very small and have problems with some larger weapons.
You are too small for most types of armour.
You have supernaturally acute eyesight. (SInv)
You are a herbivore.
You cover ground extremely quickly.
You need to consume almost no food.


Message History

The goblin is severely wounded.
The jackal barely misses you. x2; The goblin misses you.
You hit the goblin.
You kill the goblin!
Sigmund gestures wildly while chanting.
Sigmund flickers and vanishes for a moment.
The jackal bites you.
The jackal barks!
You hear a shout!
Sigmund closely misses you.
Things that are here:
a +0 club; a goblin corpse Sigmund hits you with a cursed +0 scythe!
Ouch! That really hurt!
* * * LOW HITPOINT WARNING * * *
The jackal barks!
There is a stone staircase leading down here.
You climb downwards.
The bat completely misses you. The orc misses you.
The orc priest invokes the aid of Beogh against you.
Pain shoots through your body!
You die...

#...o...# ##...##
#.# #####)###
##.....## #.# ##.##
##.......## #.#
##...####.........#
#s.
#.......'o....b...+
...
##...####.........#
.. #..## ##.......#
#.## ##.....##
#....# ##.o@##
####.# ##+## #


You could see an orc priest, an orc and a bat.

Vanquished Creatures
  2 dart slugs (D:1)
  4 leopard geckos
  A ball python (D:1)
  4 bats (D:1)
  3 giant cockroaches (D:1)
  A goblin (D:2)
  2 hobgoblins
  4 jackals (D:1)
  3 kobolds (D:1)
  A frilled lizard (D:1)
  3 rats (D:1)
28 creatures vanquished.

Notes
Turn   | Place    | Note
-------+----------+-------------------------------------------
     0 | D:1      | Esekla the Spriggan Necromancer began the quest for the
                  | Orb.
     0 | D:1      | Reached XP level 1. HP: 9/9 MP: 5/5
   275 | D:1      | Reached XP level 2. HP: 6/13 MP: 4/6
   686 | D:2      | Noticed Sigmund
   699 | D:2      | Noticed a water elemental
   701 | D:2      | Found a stormy altar of Qazlal.
   702 | D:2      | Noticed an earth elemental
   702 | D:2      | Noticed an air elemental
   702 | D:2      | Noticed a fire elemental
   731 | D:2      | Noticed Terence
  1373 | D:1      | Reached skill level 4 in Necromancy
  1490 | D:1      | Reached XP level 3. HP: 3/17 MP: 4/8
  1897 | D:1      | Learned a level 3 spell: Vampiric Draining
  2094 | D:3      | Killed from afar by an orc priest

Illustrated notes

Levels and vault maps discovered:
D:1:      giann_horns, layout_basic
D:2:      layout_rooms, serial_curves, eino_curves_01, eino_curves_03,
          eino_curves_02, nicolae_qazlal_style_of_elements, uniq_robin,
          uniq_sigmund, uniq_terence
D:3:      layout_loops_corners, first_ration, uniq_ijyb,
          uniq_crazy_yiuf_cottage, uniq_grinder

Skill      XL: |  1  2 |
---------------+-------+-----
Necromancy     | 4 |  4.0
Spellcasting   | 3 |  3.1
Fighting       | |  0.3
Short Blades   | |  0.4
Dodging        | |  3.8
Stealth        | |  3.2

Action                   || total
-------------------------++-------
Melee: Short sword       ||   112
 Cast: Pain              ||    23
       Vampiric Draining ||     1
 Stab: Sleeping          ||     3
       Distracted        ||     1
Armor: Robe              ||    23
Dodge: Dodged            ||   163
